Map: Last Fantasy LE

Players

mad - Winner!

  • Race: Zerg Zerg
  • League: Gold
  • Spawn Location: 12:00

Schwiift

  • Race: Zerg Zerg
  • Spawn Location: 7:00

VOD

Have the link to the VOD?

Description

Time

  • Played on: Oct. 27, 2025, 5:40 p.m.
  • Length: 3:22
Show
View Real Time Build Order
Export as new Build Order

mad Zerg - Winner!

Build Orders: Pool First 

Get SALT Encoding   

  12  0:18  Spawning Pool  
  11  0:23  Drone  
  11  0:27  Drone  
  13  0:32  Drone  
  14  0:37  Extractor  
  14  0:40  Drone  
  14  0:49  Overlord  
  14  1:08  Zergling x2  
  15  1:14  Zergling x2  
  16  1:24  Hatchery  
  15  1:27  Zergling x2  
  16  1:42  Metabolic Boost  
  16  1:54  Queen  
  16  1:58  Zergling x2  
  19  2:03  Zergling x2  
  20  2:11  Overlord  
  20  2:20  Zergling x2  
  21  2:36  Zergling x4  
  23  2:39  Zergling x2  
  23  2:41  Queen  
  26  2:48  Zergling x2  
  27  2:51  Zergling x2  
Show
View Real Time Build Order
Export as new Build Order

Schwiift Zerg 

Build Orders: Hatch First 

Get SALT Encoding   

  12  0:01  Drone  
  13  0:18  Overlord  
  13  0:21  Drone  
  14  0:36  Drone x2  
  16  0:51  Hatchery  
  16  0:52  Drone  
  16  0:57  Drone  
  17  1:09  Spawning Pool  
  16  1:12  Drone  
  17  1:25  Drone x2  
  19  1:28  Extractor  
  18  1:35  Drone  
  19  1:49  Evolution Chamber  
  18  1:55  Drone  
  19  2:06  Hatchery  
  19  2:07  Queen  
  20  2:13  Drone  
  20  2:14  Drone  
  22  2:17  Overlord  
  22  2:21  Drone  
  23  2:25  Drone  
  23  2:28  Drone  
  25  2:35  Drone  
  26  2:39  Drone x2  
  28  2:50  Drone x2  
  30  2:54  Extractor  
  29  3:03  Drone x2  
Tags
 
League
Gold
Matchup
ZvZ
Race
Zerg
Spawn Locations
Cross Positions
Add a new tag
Caveats
  • Supply blocks, unpowered buildings, or Contaminate may cause inaccurate times.
  • Supply counts are checked every 10 seconds.